 Dungeon Crawl Stone Soup version 0.24-a0-537-g2d01d4ab0a (webtiles) character file.

Game seed: 3236045813449554360

26299 Mithandil the Schismatic (level 12, -25/91 HPs)
             Began as a Demonspawn Abyssal Knight on Aug 15, 2019.
             Was an Elder of Lugonu.
             Annihilated by an enormous slime creature (41 damage)
             ... on level 1 of the Swamp.
             The game lasted 01:10:22 (11143 turns).

Mithandil the Schismatic (DsAK)                    Turns: 11143, Time: 01:10:23

Health: -25/91     AC: 33    Str: 20    XL:     12   Next: 97%
Magic:  18/18      EV:  9    Int: 19    God:    Lugonu [****..]
Gold:   687        SH:  5    Dex: 16    Spells: 11/11 levels left

rFire    . . .     SeeInvis .   a - +10 war axe of Vivi {chaos, *Slow rPois Str+4 Int+4}
rCold    . . .     Gourm    .   k - +0 buckler
rNeg     . . .     Faith    .   y - +2 plate armour
rPois    +         Spirit   .   L - +0 helmet
rElec    .         Reflect  .   r - +0 cloak
rCorr    .         Harm     .   K - +1 pair of gloves {Dex+3}
MR       .....                  (boots unavailable)
Stlth    ..........             h - amulet of regeneration
HPRegen  0.65/turn              t - ring of flight
MPRegen  0.16/turn              Z - +5 ring of protection

@: sanguine armour, very slow
A: talons 3, poison resistance, spiny 1, evolution 1, sanguine armour 2
a: Depart the Abyss, Bend Space, Banish, Corrupt, Renounce Religion, Evoke
Flight


You were on level 1 of the Swamp.
You worshipped Lugonu.
Lugonu was greatly pleased with you.
You were not hungry.

You visited 3 branches of the dungeon, and saw 15 of its levels.
You visited the Abyss 1 time.

You collected 687 gold pieces.

Inventory:

Hand Weapons
 a - the +10 war axe of Vivi (weapon) {chaos, *Slow rPois Str+4 Int+4}
   (You found it on level 5 of the Dungeon)

   Each time it hits an enemy it has a different, random effect.
   It affects your strength (+4).
   It affects your intelligence (+4).
   It protects you from poison.
   It may slow you when you take damage.
 b - a +0 hand crossbow
 c - a +1 dagger of speed
 p - a +6 falchion of electrocution
 w - a +1 mace of protection
 E - a +0 short sword of flaming
 F - a +1 whip of venom
 G - a +2 trident of protection
 H - a +0 war axe of venom
 I - the +6 hand axe of Ditsarul {freeze, Str+2}
   (You took it off an orc warrior on level 8 of the Dungeon)

   It has been specially enchanted to freeze those struck by it, causing extra
   injury to most foes and up to half again as much damage against particularly
   susceptible opponents.
   It can also slow down cold-blooded creatures.
   It affects your strength (+2).
 N - a +2 dagger of electrocution
 V - a +0 hunting sling
 W - a +1 falchion of electrocution
Missiles
 e - 24 boomerangs
 f - 31 sling bullets
 i - 499 stones
 n - 12 javelins
 o - 127 bolts
 v - 81 poisoned darts
 x - a throwing net (quivered)
 S - 6 atropa-tipped darts
Armour
 k - a +0 buckler (worn)
 r - a +0 cloak (worn)
 y - a +2 plate armour (worn)
 J - the +2 chain mail of Syndicalism {rPois rF+ MR+++ Dex-2}
   (You took it off an orc warrior on level 8 of the Dungeon)

   It affects your dexterity (-2).
   It protects you from fire.
   It protects you from poison.
   It affects your resistance to hostile enchantments.
 K - a +1 pair of gloves of dexterity (worn)
 L - a +0 helmet (worn)
Jewellery
 h - an amulet of regeneration (around neck)
 s - an uncursed ring of ice
 t - a ring of flight (left hand)
 Z - a +5 ring of protection (right hand)
Wands
 j - a wand of disintegration (10)
 m - a wand of random effects (20)
 A - a wand of iceblast (6)
 D - a wand of flame (24)
 R - a wand of paralysis (4)
Scrolls
 l - 8 scrolls of teleportation
 q - 2 scrolls of amnesia
 B - a scroll of fog
 M - a scroll of magic mapping
 Q - 2 scrolls of enchant armour
 T - 2 scrolls of blinking
Potions
 d - 3 potions of curing
 g - 3 potions of agility
 O - a potion of flight
 U - a potion of resistance
 X - a potion of heal wounds
Miscellaneous
 u - a phial of floods
 P - a fan of gales
Comestibles
 C - 13 rations


   Skills:
 + Level 7.5 Fighting
 - Level 2.7(4.3) Short Blades
 - Level 5.1(5.5) Long Blades
 * Level 8.1 Axes
 * Level 7.3 Crossbows
 - Level 6.0 Throwing
 + Level 6.5 Armour
 + Level 6.3 Dodging
 - Level 5.0 Stealth
 - Level 4.0 Shields
 - Level 3.0 Unarmed Combat
 + Level 9.3 Invocations
 + Level 4.5 Evocations


You had 11 spell levels left.
You didn't know any spells.
Your spell library contained the following spells:

 Spells                   Type           Power        Failure   Level  Hunger
 Animate Skeleton         Necr           N/A          99%         1    ##.....
 Apportation              Tloc           #.....       99%         1    ##.....
 Confusing Touch          Hex            #.....       99%         1    ##.....
 Freeze                   Ice            #...         99%         1    ##.....
 Summon Small Mammal      Summ           #...         99%         1    ##.....
 Throw Frost              Conj/Ice       #.....       100%        2    ###....
 Ozocubu's Armour         Chrm/Ice       #.......     100%        3    ####...
 Summon Ice Beast         Ice/Summ       #.......     100%        4    #####..
 Throw Icicle             Conj/Ice       #.......     100%        4    #####..


Dungeon Overview and Level Annotations

Branches:
Dungeon (10/15)            Temple (0/1) D:4            Lair (4/6) D:9
  Swamp (1/4) Lair:4
  Snake: Lair:2-4    Spider: Lair:2-4       Orc: D:9-12

Altars:
Ashenzari
Cheibriados
Elyvilon
Fedhas
Hepliaklqana
Nemelex Xobeh
Okawaru
Qazlal
Uskayaw
Vehumet
Wu Jian
Beogh


Innate Abilities, Weirdness & Mutations

You have claws for feet.
You are partially covered in sharp spines.
When seriously injured, your bleeding wounds create thick armour. (AC +9)
Your system is resistant to poisons. (rPois)
You evolve.


Message History

The very large slime creature is lightly wounded.
The very large slime creature is struck by your spines.
The very large slime creature hits you but does no damage.
You barely miss the very large slime creature.
You claw the very large slime creature!
The very large slime creature is lightly wounded.
The very large slime creature is struck by your spines.
The very large slime creature closely misses you.
Two slime creatures merge to form an enormous slime creature.
You hit the enormous slime creature. You claw the enormous slime creature!
The enormous slime creature is lightly wounded.
Your unstable footing causes you to fumble your attack.
Your unstable footing causes you to fumble your attack.
The enormous slime creature hits you!!!!
Ouch! That really hurt!
* * * LOW HITPOINT WARNING * * *
Your blood congeals into armour.
Your unstable footing causes you to fumble your attack.
The enormous slime creature hits you!!!
You die...

♣≈..≈≈.. ♣♣
≈≈≈...♣
♣♣♣≈≈≈♣.
≈♣♣♣≈♣♣
?≈≈..≈♣ ♣♣.≈♣♣
≈.....≈
.≈≈..≈. ♣.≈♣≈
≈.§≈≈..♣♣.≈≈≈.
♣♣♣≈.
≈.≈≈≈≈..≈≈≈≈.
≈≈♣...>
♣♣≈≈≈≈≈≈≈♣.≈♣
♣≈≈≈≈≈≈≈≈.≈
♣.≈≈≈≈≈≈≈♣J≈♣
♣≈≈≈≈≈≈♣≈≈♣
♣.≈≈≈≈≈≈.@♣
♣≈≈≈≈≈≈♣♣♣♣
♣♣.§≈≈≈≈≈.♣
♣♣♣≈≈≈♣
♣♣.>≈≈≈≈≈.>♣
♣♣≈≈
♣≈.....≈...♣
♣♣♣
♣.≈≈≈..≈.♣♣
♣≈.≈≈....♣
♣♣.≈≈..♣♣♣♣ ≈
♣..≈≈..♣§♣♣♣
.♣
♣.≈≈≈.♣♣≈≈.♣♣
≈.♣


You could see an enormous slime creature.

Vanquished Creatures
  A shambling mangrove (Swamp:1)
  3 alligators (Swamp:1)
  A two-headed ogre (D:8)
  A swamp dragon (Swamp:1)
  A black mamba (Lair:3)
  4 komodo dragons
  7 spiny frogs
  A blink frog (shapeshifter) (Lair:2)
  3 hornets
  A bog body (Swamp:1)
  2 tyrant leeches (Lair:4)
  12 slime creatures (Swamp:1)
  13 blink frogs
  5 hippogriffs
  18 yaks
  2 wyverns
  Eustachio (D:5)
  8 vampire mosquitoes (Swamp:1)
  2 wargs (D:9)
  2 swamp worms (Swamp:1)
  4 water moccasins
  6 porcupines
  A swamp drake (Swamp:1)
  3 orc warriors
  2 black bears
  A phantom (D:7)
  A necrophage (D:5)
  2 sky beasts
  3 centaurs
  5 ogres
  6 crocodiles
  Blork the orc (D:5)
  6 bullfrogs
  A wyvern zombie (D:4)
  3 scorpions
  4 killer bees (D:7)
  2 electric eels (Lair:1)
  4 crimson imps
  A centaur zombie (D:5)
  4 hounds
  2 orc priests (D:8)
  A gnoll shaman (D:5)
  5 orc wizards
  A centaur skeleton (D:6)
  3 iguanas
  5 worker ants
  A hound zombie (D:6)
  2 hound skeletons (D:4)
  11 gnolls
  4 adders
  A shadow imp (D:5)
  2 oozes (D:2)
  An adder skeleton (D:5)
  7 worms
  7 dart slugs
  3 leopard geckos
  20 orcs
  4 giant cockroaches
  10 goblins
  5 hobgoblins
  4 jackals
  5 kobolds
  2 quokkas
  2 ball pythons
  7 bats
  6 frilled lizards
  A jackal skeleton (D:5)
  A jackal zombie (D:7)
  A leopard gecko skeleton (D:7)
  A quokka zombie (D:5)
  5 rats
278 creatures vanquished.

Vanquished Creatures (others)
  7 hydras
  The ghost of Chiseanne the Sneak, a novice DsWn (D:8)
  A gnoll (D:2)
9 creatures vanquished.

Grand Total: 287 creatures vanquished

Notes
Turn   | Place    | Note
-------+----------+-------------------------------------------
     0 | Abyss:1  | Mithandil the Demonspawn Abyssal Knight began the quest for
                  | the Orb.
     0 | Abyss:1  | Reached XP level 1. HP: 18/18 MP: 2/2
   126 | Abyss:1  | Noticed a worldbinder
   136 | D:1      | Escaped the Abyss
   283 | D:2      | Reached skill level 1 in Dodging
   324 | D:1      | Gained mutation: When seriously injured, your bleeding
                  | wounds create armour. (AC +9) [demonic ancestry]
   324 | D:1      | Reached XP level 2. HP: 20/24 MP: 3/3
   358 | D:1      | Reached * piety under Lugonu
   631 | D:2      | Reached XP level 3. HP: 20/29 MP: 5/5
   693 | D:2      | Reached skill level 1 in Stealth
   782 | D:1      | Reached skill level 1 in Unarmed Combat
   782 | D:1      | Gained mutation: You have sharp toenails. [demonic
                  | ancestry]
   782 | D:1      | Reached XP level 4. HP: 32/35 MP: 6/6
   812 | D:1      | Reached skill level 3 in Invocations
  1222 | D:2      | Reached skill level 1 in Throwing
  1400 | D:3      | Reached ** piety under Lugonu
  1987 | D:3      | Found an iron altar of Okawaru.
  2052 | D:3      | Reached XP level 5. HP: 37/41 MP: 7/7
  2073 | D:3      | Noticed a centaur
  2080 | D:3      | Killed a centaur
  2080 | D:3      | Reached skill level 1 in Short Blades
  2270 | D:3      | Noticed a hippogriff
  2348 | D:3      | Found a radiant altar of Vehumet.
  2350 | D:3      | Found a hazy altar of Hepliaklqana.
  2469 | D:3      | Found a hide-covered altar of Uskayaw.
  2584 | D:4      | Gained mutation: You have razor-sharp toenails. [demonic
                  | ancestry]
  2584 | D:4      | Reached XP level 6. HP: 44/47 MP: 8/8
  2745 | D:4      | Reached *** piety under Lugonu
  2830 | D:5      | Entered Level 5 of the Dungeon
  2917 | D:5      | Noticed Eustachio
  2929 | D:5      | Killed Eustachio
  2929 | D:5      | Reached skill level 4 in Invocations
  2929 | D:5      | Reached XP level 7. HP: 43/53 MP: 8/10
  3041 | D:4      | Found a blossoming altar of Fedhas.
  3120 | D:6      | Noticed a fire elemental
  3123 | D:6      | Found a stormy altar of Qazlal.
  3126 | D:6      | Noticed an air elemental
  3126 | D:6      | Noticed a water elemental
  3420 | D:4      | Found a staircase to the Ecumenical Temple.
  3648 | D:5      | Found a snail-covered altar of Cheibriados.
  3700 | D:5      | Got a steaming war axe
  3701 | D:5      | Identified the +10 war axe of Vivi {chaos, *Slow rPois
                  | Str+4 Int+4} (You found it on level 5 of the Dungeon)
  3767 | D:5      | Gained mutation: You are partially covered in sharp spines.
                  | [demonic ancestry]
  3767 | D:5      | Reached XP level 8. HP: 40/60 MP: 11/11
  3977 | D:5      | Noticed Blork the orc
  3981 | D:5      | Killed Blork the orc
  4022 | D:5      | Reached skill level 1 in Shields
  4037 | D:5      | Reached skill level 1 in Axes
  5539 | D:7      | Found an ornate altar of the Wu Jian Council.
  5588 | D:7      | Found a stormy altar of Qazlal.
  5615 | D:8      | Noticed a hornet
  5620 | D:8      | Killed a hornet
  5620 | D:8      | Reached skill level 5 in Invocations
  5644 | D:7      | Gained mutation: When seriously injured, your bleeding
                  | wounds create thick armour. (AC +9) [demonic ancestry]
  5644 | D:7      | Reached XP level 9. HP: 60/66 MP: 12/12
  5652 | D:7      | Reached **** piety under Lugonu
  5822 | D:7      | Reached skill level 5 in Long Blades
  6229 | D:7      | Found a shattered altar of Ashenzari.
  6894 | D:8      | Found a white marble altar of Elyvilon.
  6913 | D:8      | Noticed a two-headed ogre
  6923 | D:8      | Killed a two-headed ogre
  6923 | D:8      | Reached skill level 5 in Fighting
  6923 | D:8      | Reached skill level 1 in Crossbows
  7000 | D:8      | Noticed Chiseanne's ghost (novice DsWn)
  7001 | D:8      | Found a runed translucent gate.
  7001 | D:8      | Found a runed translucent gate.
  7001 | D:8      | Found a runed translucent gate.
  7001 | D:8      | Identified the +6 hand axe of Ditsarul {freeze, Str+2}
  7001 | D:8      | Identified the +2 chain mail of Syndicalism {rPois rF+
                  | MR+++ Dex-2}
  7002 | D:8      | Found a roughly hewn altar of Beogh.
  7022 | D:8      | Banished Chiseanne's ghost
  7025 | D:8      | Reached XP level 10. HP: 59/74 MP: 9/14
  7363 | D:8      | Reached skill level 6 in Invocations
  7466 | D:9      | Found a sparkling altar of Nemelex Xobeh.
  7551 | D:10     | Entered Level 10 of the Dungeon
  7765 | D:9      | Found a staircase to the Lair.
  7829 | Lair:1   | Entered Level 1 of the Lair of Beasts
  8200 | Lair:1   | Gained mutation: You evolve. [potion of mutation]
  8200 | Lair:1   | Gained mutation: You are frail. (-10% HP) [potion of
                  | mutation]
  8200 | Lair:1   | Gained mutation: You tend to lose your temper in combat.
                  | [potion of mutation]
  8200 | Lair:1   | Gained mutation: Your system is resistant to poisons.
                  | (rPois) [potion of mutation]
  8228 | Lair:1   | Noticed a six-headed hydra
  8240 | Lair:1   | Banished a seven-headed hydra
  8240 | Lair:1   | Reached skill level 5 in Axes
  8515 | Lair:1   | Reached skill level 1 in Evocations
  8696 | Lair:2   | Reached skill level 7 in Invocations
  8781 | Lair:2   | Noticed a spiny frog
  8787 | Lair:2   | Killed a spiny frog
  8787 | Lair:2   | Gained mutation: You have claws for feet. [demonic
                  | ancestry]
  8787 | Lair:2   | Reached XP level 11. HP: 63/72 MP: 16/16
  8817 | Lair:2   | Reached skill level 5 in Stealth
  8901 | Lair:2   | Noticed a seven-headed hydra
  8904 | Lair:2   | Banished a seven-headed hydra
  8911 | Lair:2   | Reached skill level 5 in Armour
  9156 | Lair:2   | Lost mutation: You are frail. (-10% HP) [evolution]
  9729 | Lair:3   | Reached skill level 5 in Throwing
  9729 | Lair:3   | Reached skill level 5 in Dodging
  9736 | Lair:3   | Reached skill level 5 in Crossbows
  9981 | Lair:3   | Reached skill level 8 in Invocations
 10213 | Lair:3   | Reached ***** piety under Lugonu
 10213 | Lair:3   | Reached XP level 12. HP: 86/89 MP: 18/18
 10376 | Lair:4   | Noticed an eight-headed hydra
 10377 | Lair:4   | Banished an eight-headed hydra
 10545 | Lair:4   | Noticed a six-headed hydra
 10546 | Lair:4   | Banished a six-headed hydra
 10574 | Lair:4   | Found a staircase to the Swamp.
 10588 | Swamp:1  | Entered Level 1 of the Swamp
 10727 | Swamp:1  | Noticed an eight-headed hydra
 10728 | Swamp:1  | Banished an eight-headed hydra
 10864 | Swamp:1  | Lost mutation: You tend to lose your temper in combat.
                  | [evolution]
 10915 | Swamp:1  | Noticed an alligator
 10923 | Swamp:1  | Killed an alligator
 10923 | Swamp:1  | Reached skill level 9 in Invocations
 10979 | Swamp:1  | Noticed a four-headed hydra
 10981 | Swamp:1  | Banished a four-headed hydra
 10992 | Swamp:1  | Noticed a shambling mangrove
 11008 | Swamp:1  | Killed a shambling mangrove
 11044 | Swamp:1  | Noticed a seven-headed hydra
 11047 | Swamp:1  | Noticed an alligator
 11047 | Swamp:1  | Noticed an alligator
 11048 | Swamp:1  | Banished a seven-headed hydra
 11056 | Swamp:1  | Killed an alligator
 11060 | Swamp:1  | Killed an alligator
 11143 | Swamp:1  | Annihilated by an enormous slime creature

Levels and vault maps discovered:
D:1:      grunt_arrival_lava_bath, layout_rooms, grunt_decor_mini_mirrors,
          chequers_big_river
D:2:      layout_basic
D:3:      layout_rooms, old_standard_altar, marbit_many_paths,
          nicolae_overflow_hidden_temple, first_ration, lightli_corner_chamber
D:4:      layout_loops_ring, fedhas_altar_2, minmay_temple_entry_glassed_door
D:5:      layout_basic, overflow_temple_1_default, minmay_pentangle,
          uniq_eustachio, uniq_blork_the_orc
D:6:      layout_gridville, nicolae_qazlal_style_of_elements,
          minmay_quadrilaterals
D:7:      layout_basic, overflow_temple_1_default, kennysheep_little_box,
          basic_altar
D:8:      layout_loops_ring, elyvilon_altar_3, biasface_ghost_orc_armoury
D:9:      layout_gridville, nemelex_xobeh_ov_fountains_minmay,
          erik_lair_orcish_takeover
D:10:     layout_irregular_city, grunt_pizzeria
Lair:1:   layout_hall_layers, serial_bayou, serial_bayou_shore_b,
          serial_bayou_ford_a, serial_bayou_pond_b, serial_bayou_crossing,
          beast_lair_carwin_11
Lair:2:   layout_cave_pods
Lair:3:   layout_big_grid, grunt_megastairs_5
Lair:4:   layout_loops_ring, palyth_hydra_swamp_entry,
          spider_nest_entry_web_field, infiniplex_staircase_pool
Swamp:1:  layout_basic_swamp, basic_altar, swamp_pool1

Skill      XL: |  1  2  3  4  5  6  7  8  9 10 11 12 |
---------------+-------------------------------------+-----
Dodging        | 1 2 3 4 5 6 |  6.3
Long Blades    | 2 3 4 5 |  5.1
Armour         | 2 3 4 5 6 |  6.5
Stealth        | 1 2 3 4 5 |  5.0
Unarmed Combat | 1 2 3 |  3.0
Invocations    | 3 4 5 7 8 9 |  9.3
Throwing       | 1 2 3 4 5 6 |  6.0
Short Blades   | 1 2 |  2.7
Fighting       | 4 5 6 7 |  7.5
Shields        | 2 3 4 |  4.0
Axes           | 2 3 5 6 8 |  8.1
Crossbows      | 1 4 5 7 |  7.3
Evocations     | 1 3 4 |  4.5

Action                   |  1- 3 |  4- 6 |  7- 9 | 10-12 || total
-------------------------+-------+-------+-------+-------++-------
Melee: Falchion          |    74 |   151 |    37 |       ||   262
       Halberd           |     5 |     6 |       |       ||    11
       Kick              |       |    38 |    49 |   104 ||   191
       War axe           |       |       |   123 |   314 ||   437
       Trident           |       |       |       |     1 ||     1
 Fire: Hand crossbow     |       |       |       |     5 ||     5
Invok: Depart the Abyss  |     1 |       |       |       ||     1
       Banish            |       |       |     1 |    12 ||    13
Evoke: Fan of gales      |       |       |       |     1 ||     1
  Use: Scroll            |     2 |     5 |    13 |     7 ||    27
       Potion            |     1 |     5 |     5 |     4 ||    15
 Stab: Paralysed         |       |       |     3 |     8 ||    11
       Confused          |       |       |     1 |     1 ||     2
       Petrifying        |       |       |       |     1 ||     1
  Eat: Chunk             |       |     7 |     4 |    13 ||    24
       Ration            |       |       |     3 |     1 ||     4
Armor: Leather armour    |     6 |       |       |       ||     6
       Ring mail         |    37 |    34 |       |       ||    71
       Chain mail        |       |    13 |       |       ||    13
       Plate armour      |       |    53 |   126 |   198 ||   377
Dodge: Dodged            |    50 |    52 |    53 |   129 ||   284
Block: Buckler           |       |       |    21 |    82 ||   103
       Rpst.: Falchion   |     9 |    13 |     5 |       ||    27

Table legend:
 A = Non-vault XP
 B = Vault XP
 C = Vault XP percentage of total XP
 D = Non-vault monster count
 E = Vault monster count
 F = Vault count percentage of total count
                 A         B        C        D         E       F
            +---------+---------+-------+---------+---------+-------
      Total |   33223 |    4348 |  11.6 |     250 |      37 |  12.9
            +---------+---------+-------+---------+---------+-------
        D:1 |      34 |       0 |   0.0 |      21 |       0 |   0.0
        D:2 |     134 |       0 |   0.0 |      27 |       0 |   0.0
        D:3 |     206 |       1 |   0.5 |      21 |       1 |   4.5
        D:4 |     275 |       0 |   0.0 |      13 |       0 |   0.0
        D:5 |     479 |     458 |  48.9 |      14 |       8 |  36.4
        D:6 |     372 |     205 |  35.5 |       8 |       3 |  27.3
        D:7 |    1019 |       0 |   0.0 |      19 |       0 |   0.0
        D:8 |    1968 |     492 |  20.0 |      16 |      10 |  38.5
        D:9 |     451 |     382 |  45.9 |       7 |       5 |  41.7
       D:10 |     113 |       0 |   0.0 |       1 |       0 |   0.0
     Lair:1 |    2771 |    1196 |  30.1 |      14 |       5 |  26.3
     Lair:2 |    4413 |       0 |   0.0 |      18 |       0 |   0.0
     Lair:3 |    7488 |      85 |   1.1 |      33 |       1 |   2.9
     Lair:4 |     103 |    1529 |  93.7 |       1 |       4 |  80.0
    Swamp:1 |   13397 |       0 |   0.0 |      37 |       0 |   0.0
            +---------+---------+-------+---------+---------+-------
